 Dungeon Crawl Stone Soup version 0.26-a0-67-g850bfe61e3 (webtiles) character file.

Game seed: 12087201711015783308

35063 MrRokkomies the Destroyer (level 13, -1/87 HPs)
             Began as a Tengu Conjurer on June 12, 2020.
             Was a High Priest of Makhleb.
             Slain by a reaper
             ... wielding a +1 scythe of venom
              (21 damage)
             ... in a Gauntlet.
             The game lasted 01:10:46 (17038 turns).

MrRokkomies the Destroyer (Tengu Conjurer)         Turns: 17038, Time: 01:10:47

Health: -1/87      AC:  8    Str: 13    XL:     13   Next: 81%
Magic:  19/19      EV: 21    Int: 16    God:    Makhleb [*****.]
Gold:   247        SH:  0    Dex: 15    Spells: 2/16 levels left

rFire    + . .     SeeInvis +   a - +5 morningstar (drain)
rCold    + . .     Gourm    .   (no shield)
rNeg     . . .     Faith    .   f - +0 acid dragon scales
rPois    .         Spirit   .   (helmet restricted)
rElec    .         Reflect  .   y - scarf {rC+ rF+}
rCorr    +         Harm     .   F - +1 pair of gloves
MR       .....     NoTele   +   (boots unavailable)
Stlth    +++.......             q - amulet of regeneration
HPRegen  0.64/turn              e - ring of stealth
MPRegen  0.16/turn              h - ring of see invisible

@: lethally poisoned (-1 -> -49), berserk cooldown, flying quickly and
evasively, slowed, studying Stealth, very slow
A: beak, talons 3, able to fly
a: Stop Flying, Minor Destruction, Lesser Servant of Makhleb, Major Destruction,
Greater Servant of Makhleb, Renounce Religion


You were in a Gauntlet.
You worshipped Makhleb.
Makhleb was extremely pleased with you.
You were not hungry.

You visited 3 branches of the dungeon, and saw 16 of its levels.
You also visited: Bailey and Gauntlet.

You collected 795 gold pieces.
You spent 548 gold pieces at shops.

Inventory:

Hand Weapons
 a - a +5 morningstar of draining (weapon)
 u - a +0 dagger of holy wrath
Missiles
 k - 22 poisoned darts (quivered)
 o - 3 curare-tipped darts
Armour
 f - +0 acid dragon scales (worn)
 m - a +2 leather armour of cold resistance
 r - +3 shadow dragon scales
 y - a scarf of resistance (worn)
 F - a +1 pair of gloves (worn)
Magical Staves
 b - an uncursed staff of energy
Jewellery
 e - a ring of stealth (left hand)
 h - a ring of see invisible (right hand)
 l - an uncursed ring of fire
 q - an amulet of regeneration (around neck)
 R - an uncursed amulet of reflection {unknown}
 S - the ring of the Elephant {rC+ Dex+6 Stlth+, unknown}
   (You found it in a Gauntlet)

   [ring of dexterity]

   It affects your dexterity (+6).
   It protects you from cold.
   It makes you more stealthy.
Wands
 x - a wand of digging (6)
 z - a wand of polymorph (25)
 C - a wand of random effects (11)
Scrolls
 d - a scroll of holy word
 n - 10 scrolls of teleportation
 s - a scroll of blinking
 w - 2 scrolls of remove curse
 A - 4 scrolls of enchant weapon
 G - 4 scrolls of immolation
 H - 3 scrolls of summoning
 L - a scroll of amnesia
 N - a scroll of fog
 P - a scroll of enchant armour
 Q - a scroll of identify
Potions
 g - a potion of heal wounds
 i - 4 potions of flight
 j - a potion of invisibility
 p - 9 potions of curing
 v - 5 potions of stabbing
 B - 3 potions of might
 D - a potion of berserk rage
 I - 2 potions of resistance
 K - 2 potions of brilliance
 M - 2 potions of ambrosia
 O - a potion of mutation {unknown}
Books
 E - a manual of Stealth
Miscellaneous
 t - a phantom mirror
Comestibles
 c - 29 rations
 J - a chunk of flesh


   Skills:
 - Level 12.4 Fighting
 * Level 8.8 Maces & Flails
 - Level 3.0 Armour
 - Level 10.0 Dodging
 - Level 2.0 Stealth
 + Level 2.4 Spellcasting
 * Level 12.7 Conjurations
 - Level 4.0 Hexes
 - Level 7.0 Translocations
 - Level 7.6 Invocations


You had 2 spell levels left.
You knew the following spells:

 Your Spells              Type           Power        Failure   Level  Hunger
a - Magic Dart            Conj           ####         1%          1    #......
b - Searing Ray           Conj           #####.       1%          2    ###....
c - Dazzling Flash        Conj/Hex       ####..       2%          3    ###....
d - Fulminant Prism       Conj/Hex       ####......   10%         4    #####..
e - Iskenderun's Mystic   Conj/Tloc      ####....     4%          4    #####..

Your spell library contained the following spells:

 Spells                   Type           Power        Failure   Level  Hunger
 Freeze                   Ice            #...         28%         1    #......
 Corpse Rot               Necr/Air       N/A          41%         2    ###....
 Sublimation of Blood     Necr           #.........   41%         2    ###....
 Hailstorm                Conj/Ice       ###.....     22%         4    #####..
 Frozen Ramparts          Ice            #.....       65%         3    ###....
 Ozocubu's Armour         Chrm/Ice       #.......     65%         3    ###....
 Dispel Undead            Necr           #.......     96%         4    #####..
 Summon Ice Beast         Ice/Summ       #.......     96%         4    #####..
 Agony                    Necr           #.......     100%        5    ######.
 Excruciating Wounds      Chrm/Necr      #.........   100%        5    ######.


Dungeon Overview and Level Annotations

Branches:
Dungeon (11/15)            Temple (1/1) D:4            Lair (4/6) D:11
 Shoals (0/4) Lair:3        Snake (0/4) Lair:4          Orc (0/2) D:9
 Bailey (visited)         Gauntlet (1/1)

Altars:
Ashenzari
Cheibriados
Dithmenos
Elyvilon
Fedhas
Gozag
Hepliaklqana
Kikubaaqudgha
Makhleb
Nemelex Xobeh
Okawaru
Qazlal
Ru
Sif Muna
Trog
Uskayaw
Vehumet
Wu Jian
Xom
Yredelemnul
Zin
The Shining One

Shops:
D:5 (   D:8 [   D:10 (   D:11 *

Annotations:
D:4 Eustachio Gauntlet 13 transporters


Innate Abilities, Weirdness & Mutations

You have a beak for a mouth.
You have claws for feet.
You can fly continuously.


Message History

You hit the reaper. You claw the reaper. Your peck misses the reaper.
The reaper is heavily wounded.
* * * LOW HITPOINT WARNING * * *
You feel very sick.
The reaper hits you with a +1 scythe of venom.
* * * LOW HITPOINT WARNING * * *
You are more poisoned.
You are too berserk!
You closely miss the reaper. You claw the reaper.
The reaper is heavily wounded.
You are no longer berserk.
You are exhausted.
You feel yourself slow down.
* * * LOW HITPOINT WARNING * * *
You feel very sick.
You feel much better.
* * * LOW HITPOINT WARNING * * *
You feel extremely sick.
The reaper hits you with a +1 scythe of venom!!
You die...

# ### ### ### ### ### #
#8# #8# #8# #8# #8#
######################
....................≈###
.....................#8#
########.###########.###
##....Z#.#..(.©.@..#.#
#.###..#.#.##..2##.#.###
.##.##.#.#.#.###.#.#.#8#
.#Z#.#.#.#..##.##..#.###
.#©#.#.#.#....©....#.#
.#.#.#.#.#..##.##..#.###
#.##.#[#.#.#.###.#.#.#8#
##..##.#.#.##...##.#.###
..Z##)?#.#.........#.#


You could see a reaper.

Vanquished Creatures
  Snorg (Lair:3)
  2 hydras (Lair:2)
  Erica (D:8)
  A two-headed ogre (D:11)
  A death drake (Bailey)
  An unseen horror (D:7)
  An orc knight (Bailey)
  2 black mambas (Lair:1)
  An ice statue (D:10)
  A torpor snail (Gauntlet)
  Maggie (D:8)
  3 spiny frogs
  2 komodo dragons (Lair:2)
  A rime drake (Lair:3)
  A hellwing (Gauntlet)
  A troll (D:10)
  A queen bee (Lair:1)
  A merfolk (D:9)
  A polar bear (Lair:3)
  A hornet (D:9)
  3 hippogriffs
  3 wyverns
  A shadow (D:11)
  35 yaks
  A steam dragon (Gauntlet)
  4 basilisks
  2 hungry ghosts
  An acid dragon (D:11)
  5 water moccasins
  11 porcupines
  2 black bears
  9 orc warriors (Bailey)
  4 sky beasts
  A necrophage (D:6)
  8 wolves
  7 ogres
  4 centaurs
  7 crocodiles
  10 bullfrogs
  A water moccasin zombie (D:10)
  A wyvern skeleton (D:10)
  8 scorpions
  32 killer bees
  6 howler monkeys
  13 wights
  4 electric eels
  2 crimson imps
  A bullfrog zombie (D:11)
  A quasit (D:10)
  4 bullfrog skeletons
  11 hounds
  3 jellies
  9 orc wizards
  A centaur skeleton (D:10)
  5 orc priests
  2 iguanas
  Ijyb (D:4)
  4 worker ants
  A killer bee zombie (D:9)
  A hound zombie (D:7)
  A hound skeleton (D:8)
  2 worker ant zombies
  15 adders
  7 gnolls
  A shadow imp (D:11)
  3 oozes
  An adder zombie (D:5)
  An adder skeleton (D:9)
  3 worms (D:2)
  5 dart slugs
  5 leopard geckos
  63 orcs
  8 ball pythons
  7 bats
  4 giant cockroaches
  3 goblins (D:1)
  10 hobgoblins
  17 jackals
  5 kobolds
  5 quokkas
  7 frilled lizards
  A jackal skeleton (D:4)
  A leopard gecko skeleton (D:8)
  A leopard gecko zombie (D:5)
  2 rats
432 creatures vanquished.

Vanquished Creatures (collateral kills)
  A catoblepas (Lair:4)
  Psyche (D:10)
  A yak (D:10)
  A basilisk (Lair:4)
  An orc warrior (Bailey)
  4 orcs (Bailey)
  A fungus (Lair:4)
10 creatures vanquished.

Vanquished Creatures (others)
  10 fulminant prisms
  2 fungi (Lair:1)
  6 plants
18 creatures vanquished.

Grand Total: 460 creatures vanquished

Notes
Turn   | Place    | Note
-------+----------+-------------------------------------------
     0 | D:1      | MrRokkomies the Tengu Conjurer began the quest for the Orb.
     0 | D:1      | Reached XP level 1. HP: 10/10 MP: 4/4
    44 | D:1      | Reached XP level 2. HP: 11/16 MP: 1/6
   604 | D:1      | Reached XP level 3. HP: 20/20 MP: 7/7
   723 | D:1      | Reached skill level 1 in Fighting
  1470 | D:2      | Reached XP level 4. HP: 12/25 MP: 1/8
  1474 | D:2      | Learned a level 2 spell: Searing Ray
  2617 | D:2      | Gained mutation: You can fly continuously. [Tengu growth]
  2617 | D:2      | Reached XP level 5. HP: 30/30 MP: 9/9
  3698 | D:4      | Reached XP level 6. HP: 23/35 MP: 6/10
  3824 | D:4      | Reached skill level 5 in Dodging
  3852 | D:4      | Found a staircase to the Ecumenical Temple.
  3862 | Temple   | Entered the Ecumenical Temple
  4036 | Temple   | Became a worshipper of Makhleb the Destroyer
  4129 | D:4      | Reached XP level 7. HP: 31/40 MP: 11/11
  4283 | D:4      | Noticed Eustachio
  4396 | D:4      | Found an opulent altar of Gozag.
  4450 | D:4      | Reached skill level 1 in Maces & Flails
  4450 | D:4      | Reached skill level 1 in Armour
  4602 | D:4      | Noticed Ijyb
  4613 | D:4      | Killed Ijyb
  4685 | D:5      | Entered Level 5 of the Dungeon
  4727 | D:5      | Found a blossoming altar of Fedhas.
  4771 | D:5      | Reached * piety under Makhleb
  4829 | D:5      | Found Gipas's Weapon Shop.
  5431 | D:6      | Learned a level 3 spell: Dazzling Flash
  5436 | D:6      | Learned a level 4 spell: Fulminant Prism
  5557 | D:6      | Reached XP level 8. HP: 46/46 MP: 12/12
  5707 | D:6      | Reached skill level 1 in Hexes
  6180 | D:6      | Reached XP level 9. HP: 66/66 MP: 13/13
  6213 | D:7      | Reached ** piety under Makhleb
  6835 | D:8      | Noticed an unseen horror
  6876 | D:7      | Killed an unseen horror
  6876 | D:7      | Reached XP level 10. HP: 54/72 MP: 5/14
  7288 | D:8      | Noticed Erica
  7303 | D:8      | Killed Erica
  7307 | D:8      | Noticed Maggie
  7585 | D:8      | Reached *** piety under Makhleb
  7749 | D:8      | Killed Maggie
  7858 | D:8      | Found Gubofize's Armour Boutique.
  7866 | D:8      | Bought a +1 pair of gloves for 138 gold pieces
  8271 | D:9      | Found a flagged portal.
  8283 | Bailey   | Entered a bailey
  8494 | Bailey   | Reached **** piety under Makhleb
  8589 | Bailey   | Reached XP level 11. HP: 76/76 MP: 14/17
  8729 | Bailey   | Noticed an orc knight
  8729 | Bailey   | Noticed an orc knight
  8763 | Bailey   | Noticed a death drake
  8763 | Bailey   | an orc knight changed into a death drake
  8784 | Bailey   | Killed a death drake
  8784 | Bailey   | Reached XP level 12. HP: 53/82 MP: 6/18
  8930 | Bailey   | Reached skill level 5 in Maces & Flails
  8930 | Bailey   | Reached skill level 10 in Conjurations
  8965 | Bailey   | Learned a level 4 spell: Iskenderun's Mystic Blast
  9121 | Bailey   | Identified a scroll of acquirement
  9420 | D:9      | Reached skill level 1 in Translocations
  9844 | D:9      | Found a staircase to the Orcish Mines.
 10061 | D:10     | Entered Level 10 of the Dungeon
 10407 | D:10     | Found Giwosk's Weapon Boutique.
 10407 | D:10     | Noticed Psyche
 10412 | D:10     | Killed Psyche
 11837 | D:11     | Found a staircase to the Lair.
 12219 | D:10     | Reached ***** piety under Makhleb
 12372 | D:11     | Reached skill level 10 in Dodging
 12468 | D:11     | Found a shattered altar of Ashenzari.
 12484 | D:11     | Noticed a two-headed ogre
 12502 | D:11     | Killed a two-headed ogre
 12831 | D:11     | Found Aryiviha's Demolitions Depot.
 13133 | Lair:1   | Entered Level 1 of the Lair of Beasts
 13281 | Lair:1   | Reached XP level 13. HP: 62/87 MP: 1/19
 13480 | Lair:1   | Reached skill level 5 in Translocations
 15401 | D:10     | Bought a +5 morningstar of draining for 410 gold pieces
 15699 | Lair:3   | Noticed Snorg
 15781 | Lair:3   | Killed Snorg
 15922 | Lair:3   | Found a staircase to the Shoals.
 16409 | Lair:4   | Found a gate leading to a gauntlet.
 16415 | Gauntlet | Entered a Gauntlet
 16415 | Gauntlet | Found a transporter.
 16425 | Gauntlet | Found a transporter.
 16440 | Gauntlet | Found a transporter.
 16445 | Gauntlet | Found a transporter.
 16461 | Gauntlet | Noticed a reaper
 16462 | Gauntlet | Found a transporter.
 16484 | Gauntlet | Found a transporter.
 16493 | Gauntlet | Found a transporter.
 16493 | Gauntlet | Noticed a blizzard demon
 16505 | Gauntlet | Found a transporter.
 16517 | Gauntlet | Found a transporter.
 16523 | Gauntlet | Found a transporter.
 16538 | Gauntlet | Found a transporter.
 16555 | Gauntlet | Found a transporter.
 16575 | Gauntlet | Found a transporter.
 16602 | Gauntlet | Found a transporter.
 16602 | Gauntlet | Found a transporter.
 16622 | Gauntlet | Found a transporter.
 16700 | Gauntlet | Found a transporter.
 16720 | Gauntlet | Found a transporter.
 17019 | Gauntlet | Got a translucent silver ring
 17037 | Gauntlet | HP: 4/87 [poisoned by a reaper]
 17038 | Gauntlet | Slain by a reaper

Illustrated notes

Levels and vault maps discovered:
D:1:      sevenhm_arrival_forest_fort_small_3, layout_basic
D:2:      layout_loops_ring, first_ration, minmay_shallow_snake_nest
D:3:      layout_loops_corners
D:4:      layout_cave_pods, kennysheep_mini_moat, minmay_temple_entry_waves,
          uniq_ijyb, uniq_eustachio
D:5:      layout_basic, serial_shops, shop, fedhas_ov_isle_minmay
D:6:      layout_cave_pools
D:7:      layout_cave_pools
D:8:      layout_cave_pools, serial_shops, nicolae_shop_waterfront,
          minmay_tree_intersection, uniq_maggie, uniq_erica
D:9:      layout_loops_ring, orc_0_dummy, enter_bailey_2, serial_rivers,
          chequers_serial_rivers_micro_b, chequers_serial_rivers_large_a,
          chequers_serial_rivers_micro_e, chequers_serial_rivers_micro_a,
          hangedman_fish_farm
D:10:     statuecave_lemuel, layout_basic, serial_shops, shop, uniq_psyche
D:11:     layout_long_grid, minmay_lair_entry_grove, basic_altar,
          hangedman_abyss_or_decor_stagger, nicolae_blasting_shop
Temple:   minmay_crystal_snake_temple
Lair:1:   layout_loops_ring, special_room [special_room_bee]
Lair:2:   layout_long_grid, nicolae_quartered_pool_little
Lair:3:   layout_big_grid, elwin_shoals_entry_rocks, st_stairs_9,
          grunt_megastairs_5, uniq_snorg
Lair:4:   layout_roguey, guppyfry_snake_entry_island, gauntlet_entry_generic,
          grunt_megastairs_4, lemuel_fruit_fields, lemuel_fruit_tree
Gauntlet: gammafunk_gauntlet_one_two_three [nicolae_gauntlet_swirl,
          nicolae_gauntlet_arena_blocks, nicolae_gauntlet_arena_flowing_pool,
          gammafunk_gauntlet_arena_corners, gammafunk_gauntlet_arena_spirals,
          nicolae_gauntlet_arena_x, gammafunk_gauntlet_arena_crates,
          gammafunk_gauntlet_arena_split_diamond,
          gammafunk_gauntlet_arena_mazey, gauntlet_exit_green]

Skill      XL: |  1  2  3  4  5  6  7  8  9 10 11 12 13 |
---------------+----------------------------------------+-----
Fighting       | 1 2 3 12 | 12.4
Dodging        | 3 4 5 6 8 10 | 10.0
Conjurations   | 6 7 8 9 11 12 | 12.7
Maces & Flails | 3 4 6 8 |  8.8
Armour         | 3 |  3.0
Hexes          | 1 2 3 4 |  4.0
Invocations    | 7 |  7.6
Translocations | 4 7 |  7.0
Stealth        | |  2.0
Spellcasting   | |  2.4

Action                   |  1- 3 |  4- 6 |  7- 9 | 10-12 | 13-15 || total
-------------------------+-------+-------+-------+-------+-------++-------
Melee: Short sword       |    72 |   131 |    13 |       |       ||   216
       Kick              |    15 |    22 |    51 |   192 |   120 ||   400
       Peck              |     9 |    15 |    42 |   132 |    82 ||   280
       Morningstar       |       |       |   220 |   701 |   386 ||  1307
Throw: Dart              |       |    20 |    46 |    28 |       ||    94
 Cast: Magic Dart        |    22 |    14 |    39 |   170 |    14 ||   259
       Searing Ray       |       |     5 |     4 |    23 |     9 ||    41
       Fulminant Prism   |       |       |     1 |     6 |     3 ||    10
       Dazzling Flash    |       |       |       |     2 |       ||     2
       Iskenderun's Myst |       |       |       |     2 |     1 ||     3
Invok: Lesser Servant of |       |       |       |     3 |     2 ||     5
 Abil: Fly               |       |     1 |       |       |       ||     1
Evoke: Wand              |       |     1 |       |    11 |     1 ||    13
  Use: Scroll            |     3 |     4 |     9 |    18 |     2 ||    36
       Potion            |       |       |     1 |     6 |     3 ||    10
 Stab: Sleeping          |     3 |    10 |     9 |     5 |     5 ||    32
       Distracted        |       |       |     2 |       |       ||     2
       Invisible         |       |       |       |     1 |       ||     1
  Eat: Chunk             |     2 |     9 |    10 |    21 |    15 ||    57
       Ration            |       |       |       |     3 |       ||     3
Armor: Robe              |    16 |     5 |       |       |       ||    21
       Leather armour    |       |    10 |    16 |    19 |       ||    45
       Shadow dragon sca |       |    58 |   141 |       |       ||   199
       Acid dragon scale |       |       |       |   178 |    81 ||   259
       Skin              |       |       |       |    25 |       ||    25
Dodge: Dodged            |    56 |    57 |   167 |  1012 |   527 ||  1819

Table legend:
 A = Non-vault XP
 B = Vault XP
 C = Vault XP percentage of total XP
 D = Non-vault monster count
 E = Vault monster count
 F = Vault count percentage of total count
                 A         B        C        D         E       F
            +---------+---------+-------+---------+---------+-------
      Total |   25750 |   13856 |  35.0 |     339 |     102 |  23.1
            +---------+---------+-------+---------+---------+-------
        D:1 |      53 |       0 |   0.0 |      19 |       0 |   0.0
        D:2 |     111 |      22 |  16.5 |      28 |       6 |  17.6
        D:3 |      63 |       0 |   0.0 |      17 |       0 |   0.0
        D:4 |     587 |      36 |   5.8 |      29 |       1 |   3.3
        D:5 |     320 |       0 |   0.0 |      20 |       0 |   0.0
        D:6 |     531 |       0 |   0.0 |      14 |       0 |   0.0
        D:7 |    1789 |       0 |   0.0 |      29 |       0 |   0.0
        D:8 |    1050 |    1362 |  56.5 |      20 |       2 |   9.1
        D:9 |    1930 |     305 |  13.6 |      35 |       1 |   2.8
       D:10 |    3413 |    2283 |  40.1 |      28 |      12 |  30.0
       D:11 |    3015 |     213 |   6.6 |      36 |       2 |   5.3
     Lair:1 |    4935 |    1741 |  26.1 |      26 |      24 |  48.0
     Lair:2 |    3908 |    1878 |  32.5 |      19 |       4 |  17.4
     Lair:3 |    3197 |    1157 |  26.6 |      16 |       1 |   5.9
     Lair:4 |     848 |       0 |   0.0 |       3 |       0 |   0.0
     Bailey |       0 |    2669 | 100.0 |       0 |      40 | 100.0
   Gauntlet |       0 |    2190 | 100.0 |       0 |       9 | 100.0
            +---------+---------+-------+---------+---------+-------
